 Dungeon Crawl Stone Soup version 0.19.0-19-g8c6edcc (webtiles) character file.

1263 Ponchio the Thaumaturge (level 8, -5/41 HPs)
             Began as a Deep Elf Fire Elementalist on Nov 13, 2016.
             Was a Follower of Vehumet.
             Slain by Jerry's ghost (15 damage)
             ... on level 5 of the Dungeon.
             The game lasted 00:36:00 (6428 turns).

Ponchio the Thaumaturge (DEFE)                      Turns: 6428, Time: 00:36:00

Health: -5/41      AC:  4    Str:  5    XL:     8   Next: 27%
Magic:  23/31      EV: 18    Int: 23    God:    Vehumet [*.....]
Gold:   84         SH:  0    Dex: 20    Spells: 3 memorised, 16 levels left

rFire  + . .     SeeInvis .     d - +1 dagger
rCold  . . .     Gourm    .     a - +0 robe
rNeg   . . .     Faith    .     (no shield)
rPois  .         Spirit   .     l - +0 helmet
rElec  .         Reflect  .     (no cloak)
rCorr  .         Harm     .     (no gloves)
MR     .....                    (no boots)
Stlth  +++.......               (no amulet)
                                m - ring of protection from fire
                                o - ring of magical power

@: agile, very slightly contaminated, hasted, very quick
A: talons 1, shaggy fur 1
a: Renounce Religion


You were on level 5 of the Dungeon.
You worshipped Vehumet.
Vehumet was aware of your devotion.
You were not hungry.

You visited 2 branches of the dungeon, and saw 6 of its levels.

You collected 304 gold pieces.
You spent 220 gold pieces at shops.

Inventory:

Hand Weapons
 d - a +1 dagger (weapon)
Missiles
 t - 4 javelins of returning (quivered)
Armour
 a - a +0 robe (worn)
 l - a +0 helmet (worn)
Jewellery
 m - a ring of protection from fire (right hand)
 o - a ring of magical power (left hand)
Wands
 k - a wand of heal wounds (2/9)
Scrolls
 e - 2 scrolls of remove curse
 n - 2 scrolls of magic mapping
 s - a scroll of enchant weapon
Potions
 i - a potion of degeneration {unknown}
 j - 2 potions of heal wounds {unknown}
 p - a potion of resistance {unknown}
 q - 3 potions of flight {unknown}
Books
 b - a book of Flames

   Spells                             Type                      Level
   a - Flame Tongue                   Conjuration/Fire             1
   b - Throw Flame                    Conjuration/Fire             2
   c - Conjure Flame                  Conjuration/Fire             3
   d - Inner Flame                    Hexes/Fire                   3
   e - Sticky Flame                   Conjuration/Fire             4
   f - Fireball                       Conjuration/Fire             5
Comestibles
 c - 5 bread rations
 f - 4 fruits
 h - 5 meat rations
 r - 2 chunks of flesh


   Skills:
 - Level 2.4 Dodging
 - Level 2.4 Stealth
 - Level 8.6 Spellcasting
 + Level 6.6 Conjurations
 * Level 6.4 Fire Magic


You had 16 spell levels left.
You knew the following spells:

 Your Spells              Type           Power        Failure   Level  Hunger
a - Flame Tongue          Conj/Fire      #####        1%          1    None
b - Throw Flame           Conj/Fire      #####.       1%          2    None
c - Fireball              Conj/Fire      #####.....   14%         5    #####..


Dungeon Overview and Level Annotations

Branches:
Dungeon (5/15)             Temple (1/1) D:4

Altars:
Dithmenos
Elyvilon
Fedhas
Gozag
Kikubaaqudgha
Makhleb
Nemelex Xobeh
Okawaru
Qazlal
Ru
Trog
Uskayaw
Vehumet
Xom
Yredelemnul
The Shining One

Shops:
D:4 =

Annotations:
D:5 Jerry's ghost, novice OgHu


Innate Abilities, Weirdness & Mutations

You have sharp toenails.
You are covered in fur. (AC +1)


Message History

Confirm with . or Enter, or press ? or * to list all spells.
Aiming: Flame Tongue
Press: ? - help, Shift-Dir - straight line, f/p - Jerry's ghost
Aim: Jerry's ghost, wielding a weapon of chaos (lightly damaged)
The flame tongue hits Jerry's ghost.
Jerry's ghost is lightly damaged.
Jerry's ghost hits you!
You feel yourself speed up.
You are very lightly contaminated with residual magic.
You feel agile all of a sudden.
Casting: Flame Tongue
Confirm with . or Enter, or press ? or * to list all spells.
Aiming: Flame Tongue
Press: ? - help, Shift-Dir - straight line, f/p - Jerry's ghost
Aim: Jerry's ghost, wielding a weapon of chaos (lightly damaged)
The flame tongue hits Jerry's ghost.
Jerry's ghost is lightly damaged.
Jerry's ghost hits you!
* * * LOW HITPOINT WARNING * * *
You are electrocuted!
You die...

## ######## #.
.......#
##.######
.#####.#
#........ .#
#.#########@>#
.#
#.....(....W.#
.#
############.#
.### .#
...####### .#
.........# .#
...#####.# ..
.).# .# ...#


You could see Jerry's ghost.

Vanquished Creatures
  The ghost of Millan the Ruffian, an amateur TrFi (D:4)
  2 ice beasts (D:5)
  2 centaurs (D:5)
  3 ogres
  4 orc wizards (D:4)
  A bullfrog skeleton (D:5)
  An iguana (D:5)
  A centaur skeleton (D:4)
  2 worker ants
  A hound skeleton (D:4)
  5 adders
  2 gnolls (D:2)
  An ooze (D:4)
  An adder skeleton (D:5)
  4 worms
  4 dart slugs
  3 leopard geckos
  18 orcs
  10 bats
  8 goblins
  7 hobgoblins
  3 jackals (D:4)
  A ball python (D:3)
  7 frilled lizards
  3 kobolds (D:2)
  9 rats
104 creatures vanquished.

Notes
Turn   | Place    | Note
-------+----------+-------------------------------------------
     0 | D:1      | Ponchio the Deep Elf Fire Elementalist began the quest for the Orb.
     0 | D:1      | Reached XP level 1. HP: 10/10 MP: 6/6
   220 | D:1      | Reached skill level 4 in Spellcasting
   220 | D:1      | Reached XP level 2. HP: 5/15 MP: 3/9
   802 | D:1      | Reached XP level 3. HP: 19/19 MP: 7/11
   968 | D:2      | Reached skill level 5 in Spellcasting
  1275 | D:2      | Learned a level 2 spell: Throw Flame
  1639 | D:2      | Reached XP level 4. HP: 24/24 MP: 8/13
  1667 | D:2      | Reached skill level 6 in Spellcasting
  1754 | D:1      | Noticed an ogre
  1759 | D:1      | Killed an ogre
  1759 | D:1      | Reached skill level 7 in Spellcasting
  1759 | D:1      | Reached XP level 5. HP: 28/28 MP: 2/16
  1932 | D:2      | Found a faded altar of an unknown god.
  2014 | D:2      | Found an iron altar of Okawaru.
  2904 | D:3      | Gained mutation: You have sharp toenails. [potion of mutation]
  2904 | D:3      | Gained mutation: You are covered in fur. (AC +1) [potion of mutation]
  3278 | D:4      | Noticed an ogre
  3289 | D:4      | Killed an ogre
  3289 | D:4      | Reached skill level 8 in Spellcasting
  3289 | D:4      | Reached XP level 6. HP: 14/32 MP: 5/19
  3875 | D:4      | Found a staircase to the Ecumenical Temple.
  3887 | Temple   | Entered the Ecumenical Temple
  4036 | Temple   | Became a worshipper of Vehumet
  5047 | D:3      | You fall through a shaft!
  5116 | D:4      | Reached * piety under Vehumet
  5116 | D:4      | Offered knowledge of Sandblast by Vehumet.
  5188 | D:4      | Noticed Millan's ghost (amateur TrFi)
  5201 | D:4      | Killed Millan's ghost
  5201 | D:4      | Reached skill level 5 in Fire Magic
  5201 | D:4      | Reached XP level 7. HP: 32/36 MP: 1/21
  5208 | D:4      | Learned a level 5 spell: Fireball
  5574 | D:4      | Found Vidig's Jewellery Boutique.
  5688 | D:4      | Bought an uncursed ring of magical power for 220 gold pieces
  5916 | D:5      | Entered Level 5 of the Dungeon
  5926 | D:5      | Reached skill level 5 in Conjurations
  6051 | D:5      | Reached XP level 8. HP: 41/41 MP: 22/22
  6419 | D:5      | Noticed Jerry's ghost (novice OgHu)
  6428 | D:5      | Slain by Jerry's ghost

Skill      XL: |  1  2  3  4  5  6  7  8 |
---------------+-------------------------+-----
Spellcasting   | 4 5 7 8 |  8.6
Conjurations   | 4 6 |  6.6
Fire Magic     | 5 6 |  6.4
Dodging        | |  2.4
Stealth        | |  2.4

Action                   |  1- 3 |  4- 6 |  7- 9 || total
-------------------------+-------+-------+-------++-------
Melee: Dagger            |     6 |    68 |    23 ||    97
       Kick              |       |    14 |     5 ||    19
 Cast: Flame Tongue      |    49 |    60 |    25 ||   134
       Throw Flame       |    11 |    71 |    32 ||   114
  Use: Scroll            |       |     9 |       ||     9
       Potion            |       |     2 |     1 ||     3
 Stab: Sleeping          |     5 |       |     2 ||     7
  Eat: Chunk             |     2 |     5 |     4 ||    11
       Royal jelly       |       |     1 |       ||     1
       Pizza             |       |     1 |       ||     1
       Fruit             |       |     3 |       ||     3
Armor: Robe              |     1 |    17 |     6 ||    24
Dodge: Dodged            |     9 |    67 |    28 ||   104
